 Dungeon Crawl Stone Soup version 0.29.1-2-gbd0b4ee654 (webtiles) character file.

Game seed: 18259902742340062983

376 funnyparkerb the Changer (level 6, -5/38 HPs)
             Began as an Octopode Transmuter on Nov 5, 2022.
             Was an Initiate of Gozag.
             Killed by divine providence
             ... invoked by a daeva
              (15 damage)
             ... on level 1 of the Abyss.
             The game lasted 00:08:21 (4985 turns).

funnyparkerb the Changer (Octopode Transmuter)      Turns: 4985, Time: 00:08:22

Health: -5/38      AC:  5    Str:  9    XL:     6   Next: 73%
Magic:  11/11      EV: 14    Int: 18    God:    Gozag
Gold:   202        SH:  0    Dex: 18    Spells: 2/12 levels left

rFire   . . .      SeeInvis .   q - +8 autumn katana {vorpal, manifold assault}
rCold   . . .      Faith    .   (no shield)
rNeg    . . .      Spirit   .   (helmet restricted)
rPois   .          Reflect  .   (no amulet)
rElec   .          Harm     .   b - +6 ring of dexterity
rCorr   +          Rampage  .   l - +4 ring of protection
Will    .....                   m - ring of resist corrosion
Stlth   +++.......              (no ring)
HPRegen 0.12/turn               (no ring)
MPRegen 0.12/turn               (no ring)
                                (no ring)
                                (no ring)

@: no status effects
A: almost no armour, amphibious, 8 rings, camouflage 1, gelatinous body 1,
(nimble swimmer 1), tentacles
a: Renounce Religion, Potion Petition, Call Merchant, Bribe Branch


You were on level 1 of the Abyss.
You worshipped Gozag.
Gozag was aware of your devotion.
You visited 2 branches of the dungeon, and saw 7 of its levels.
You visited the Abyss 1 time.

You collected 281 gold pieces.
You paid 79 gold pieces to Gozag.

Inventory:

Hand Weapons
 q - the +8 autumn katana (weapon) {vorpal, manifold assault}
   (You found it on level 3 of the Dungeon)

   It sometimes launches melee attacks against multiple visible enemies.
Jewellery
 b - a +6 ring of dexterity (left tentacle)
 l - a +4 ring of protection (right tentacle)
 m - a ring of resist corrosion (on tentacle)
Scrolls
 c - 4 scrolls of teleportation {unknown}
 f - a scroll of noise {unknown}
 g - a scroll of brand weapon {unknown}
 h - 3 scrolls of identify {unknown}
 i - a scroll of fear {unknown}
 n - a scroll of vulnerability {unknown}
 o - a scroll of summoning {unknown}
 p - a scroll of poison {unknown}
 s - a scroll of enchant weapon {unknown}
Potions
 a - 3 potions of lignification
 d - a potion of heal wounds {unknown}
 e - a potion of mutation {unknown}
 j - a potion of flight {unknown}
 k - a potion of attraction {unknown}


   Skills:
 + Level 1.4 Fighting
 + Level 0.8 Long Blades
 + Level 2.3 Dodging
 - Level 3.0 Unarmed Combat
 + Level 3.9 Spellcasting
 + Level 4.1 Transmutations
 + Level 0.8 Ice Magic
 + Level 3.5 Poison Magic


You had 2 spell levels left.
You knew the following spells:

 Your Spells              Type           Power      Damage    Failure   Level
a - Beastly Appendage     Tmut           36%        N/A       2%          1
b - Wereblood             Tmut           18%        N/A       4%          2
c - Spider Form           Tmut/Pois      17%        N/A       9%          3
d - Ice Form              Ice/Tmut       12%        N/A       47%         4

Your spell library contained the following spells:

 Spells                   Type           Power      Damage    Failure   Level


Dungeon Overview and Level Annotations

Branches:
Dungeon (6/15)             Temple (1/1) D:5

Altars:
Ashenzari
Cheibriados
Elyvilon
Fedhas
Gozag
Hepliaklqana
Kikubaaqudgha
Makhleb
Nemelex Xobeh
Okawaru
Qazlal
Ru
Sif Muna
Trog
Uskayaw
Wu Jian
Xom
Yredelemnul
Zin
The Shining One

Shops:
D:3 !


Innate Abilities, Weirdness & Mutations

You cannot wear most types of armour.
You are amphibious.
You can wear up to eight rings at the same time.
Your skin changes colour to match your surroundings (Stealth+).
Your rubbery body absorbs attacks. (AC +1, EV +1)
((You are camouflaged when in or above water. (Stealth+)))
You have tentacles for arms and can constrict up to eight enemies at once.


Message History

* * * LOW HITPOINT WARNING * * *
You feel sick.
The kobold is no longer distracted by gold.
The kobold brigand closely misses you.
There is an open translucent gate here.
Items here: $ (( )))) ?.
You slash the kobold brigand! Your grab misses the kobold brigand.
The kobold brigand is moderately wounded.
* * * LOW HITPOINT WARNING * * *
You feel very sick.
The kobold is no longer distracted by gold.
The kobold closely misses you. The kobold brigand barely misses you.
You slash the kobold brigand! You grab the kobold brigand.
You pierce the kobold brigand!
The kobold brigand is almost dead.
You constrict the kobold brigand, but do no damage.
* * * LOW HITPOINT WARNING * * *
You feel sick. The kobold hits you with a +0 dagger.
* * * LOW HITPOINT WARNING * * *
The kobold hits you but does no damage.
You lose your grip on the kobold brigand.
You are cast into the Abyss!
This branch contains the abyssal rune of Zot.
You feel better.
Your tentacle spike disappears.
You howl as the wereblood boils in your veins!
Magic restored.
Your primal bloodlust is almost over.
You howl as the wereblood boils in your veins!
You howl as the wereblood boils in your veins!
Your primal bloodlust has ended.
A small abomination comes into view.
A daeva comes into view.
It is wielding a +3 scimitar of holy wrath.
The daeva calls down the wrath of the Shining One upon you.
The Shining One smites you!
* * * LOW HITPOINT WARNING * * *
The daeva calls down the wrath of the Shining One upon you.
The Shining One smites you!
You die...
Your body crumbles into a pile of gold.

. ... # . ..# # ##.###.
##. #.# .. .# .#. #.
#..##.# ... .⌠~##..
##.....# .... ...# #
#......# ..... .#
#.'.#####..##.#......
...........#..##@.......
..##.'.##...##...#######
. ...#. ##.............
~⌠~#...#.....##..##..#
#####........###..# #
##.####A## .....
##.#..## ...... #...
#..##.. ..... ..# ..


You could see a daeva.

Vanquished Creatures
  The ghost of Uniporpoise the Insei, an amateur OpTm of Cheibriados (D:3)
  An orc priest (D:5)
  Natasha (twice) (D:3)
  6 gnolls
  11 adders
  A dart slug (D:3)
  6 endoplasms
  3 giant cockroaches
  3 hobgoblins
  2 quokkas
  8 ball pythons
  9 bats
  4 frilled lizards
  5 goblins
  12 kobolds
  9 rats
83 creatures vanquished.

Vanquished Creatures (others)
  A fungus (D:3)
  2 plants (D:3)
3 creatures vanquished.

Grand Total: 86 creatures vanquished

Notes
Turn   | Place    | Note
-------+----------+-------------------------------------------
     0 | D:1      | funnyparkerb the Octopode Transmuter began the quest for
                  | the Orb.
     0 | D:1      | Reached XP level 1. HP: 13/13 MP: 3/3
   365 | D:1      | Reached XP level 2. HP: 11/18 MP: 5/5
   368 | D:1      | Learned a level 2 spell: Wereblood
   843 | D:1      | Reached XP level 3. HP: 23/23 MP: 2/6
  1072 | D:1      | Learned a level 3 spell: Spider Form
  1158 | D:2      | Reached skill level 3 in Transmutations
  1522 | D:2      | Reached skill level 1 in Poison Magic
  1522 | D:2      | Reached XP level 4. HP: 21/28 MP: 3/8
  2272 | D:2      | Reached XP level 5. HP: 33/33 MP: 5/9
  2956 | D:3      | You fall into a shaft and drop 3 floors!
  2966 | D:5      | Entered Level 5 of the Dungeon
  2966 | D:5      | Found a staircase to the Ecumenical Temple.
  2978 | Temple   | Entered the Ecumenical Temple
  3466 | Temple   | Became a worshipper of Gozag Ym Sagoz the Greedy
  4158 | D:3      | Reached skill level 4 in Transmutations
  4158 | D:3      | Reached XP level 6. HP: 38/38 MP: 6/11
  4253 | D:3      | Learned a level 4 spell: Ice Form
  4346 | D:3      | Found Fiownikh's Distillery.
  4349 | D:3      | Found the +8 autumn katana {vorpal, manifold assault}
  4527 | D:3      | Noticed Natasha
  4532 | D:3      | Killed Natasha
  4608 | D:3      | Found a faded altar of an unknown god.
  4631 | D:3      | Noticed Natasha
  4636 | D:3      | Killed Natasha
  4784 | D:3      | Found a runed translucent gate.
  4785 | D:3      | Found a runed translucent gate.
  4785 | D:3      | Noticed Uniporpoise's ghost (amateur OpTm)
  4805 | D:3      | Found a runed translucent gate.
  4907 | D:3      | Killed Uniporpoise's ghost
  4912 | Abyss:1  | Cast into level 1 of the Abyss (kobold)
  4974 | Abyss:1  | Noticed a small abomination
  4980 | Abyss:1  | Noticed a daeva
  4985 | Abyss:1  | Killed from afar by a daeva

Illustrated notes

Levels and vault maps discovered:
D:1:      scummos_arrival_simple_fountains, layout_rooms
D:2:      layout_basic
D:3:      layout_loops_cross, serial_shops, shop,
          shapermc_ecumenical_altar_flowoftime, gammafunk_ghost_nasty_kobolds,
          uniq_natasha
D:4:      layout_cave_pods, lemuel_round_altar, kennysheep_flooded_box,
          minmay_goblin_kobold_house
D:5:      layout_basic, minmay_temple_entry_proselytizer,
          minmay_misc_feat_nine_boxes
D:6:      layout_loops_cross, gammafunk_ghost_grave
Temple:   mainiacjoe_temple_cubbyholes
Abyss:1:  base:
D:1

Skill      XL: |  1  2  3  4  5 |
---------------+----------------+-----
Transmutations | 3 4 |  4.1
Poison Magic   | 1 2 3 |  3.5
Spellcasting   | 3 |  3.9
Fighting       | |  1.4
Long Blades    | |  0.8
Dodging        | |  2.3
Unarmed Combat | |  3.0
Ice Magic      | |  0.8

Action                   |  1- 3 |  4- 6 || total
-------------------------+-------+-------++-------
Melee: Unarmed           |    77 |    88 ||   165
       Constrict         |    25 |    16 ||    41
       Tentacles         |    14 |    18 ||    32
       Kick              |    14 |    15 ||    29
       Katana            |       |    16 ||    16
 Cast: Beastly Appendage |    20 |    14 ||    34
       Wereblood         |     6 |    18 ||    24
       Spider Form       |       |     7 ||     7
  Use: Potion            |       |     2 ||     2
 Stab: Sleeping          |     4 |     7 ||    11
Armor: Skin              |     5 |    22 ||    27
Dodge: Dodged            |    53 |    75 ||   128
